 Dungeon Crawl Stone Soup version 0.27-a0-1123-g2f9bb313c0 (webtiles) character file.

Game seed: 17553124861245412184

380 Zeld the Skirmisher (level 6, -6/45 HPs)
             Began as an Octopode Fighter on May 3, 2021.
             Killed by nerve-wracking pain
             ... invoked by Grinder
              (11 damage)
             ... on level 3 of the Dungeon.
             The game lasted 00:02:45 (3300 turns).

Zeld the Skirmisher (Octopode Fighter)              Turns: 3300, Time: 00:02:46

Health: -6/45      AC:  1    Str: 17    XL:     6   Next: 75%
Magic:  6/6        EV: 11    Int: 11    God:
Gold:   95         SH:  9    Dex: 11    Spells: 5/5 levels left

rFire    . . .     SeeInvis .   a - +0 war axe
rCold    . . .     Faith    .   b - +0 kite shield
rNeg     . . .     Spirit   .   (helmet restricted)
rPois    .         Reflect  .   (no amulet)
rElec    .         Harm     .   (no ring)
rCorr    .         Rampage  .   (no ring)
Will     .....                  (no ring)
Stlth    ++........             (no ring)
HPRegen  0.15/turn              (no ring)
MPRegen  0.10/turn              (no ring)
                                (no ring)
                                (no ring)

@: brilliant, hasted, very quick
A: almost no armour, amphibious, 8 rings, camouflage 1, gelatinous body 1,
(nimble swimmer 1), tentacles
a: no special abilities


You were on level 3 of the Dungeon.
You visited 1 branch of the dungeon, and saw 3 of its levels.

You collected 95 gold pieces.

Inventory:

Hand Weapons
 a - a +0 war axe (weapon)
Armour
 b - a +0 kite shield (worn)
Scrolls
 g - 2 scrolls of identify {unknown}
 h - a scroll of teleportation {unknown}
Potions
 c - a potion of lignification {unknown}
 d - a potion of haste
 e - a potion of mutation {unknown}
 f - a potion of brilliance


   Skills:
 * Level 4.9 Fighting
 * Level 4.2 Axes
 - Level 3.0 Dodging
 * Level 4.9 Shields


You had 5 spell levels left.
You didn't know any spells.
Your spell library contained the following spells:

 Spells                   Type           Power      Damage    Failure   Level
 Beastly Appendage        Tmut           0%         N/A       78%         1
 Wereblood                Tmut           0%         N/A       89%         2
 Spider Form              Tmut/Pois      0%         N/A       98%         3
 Ice Form                 Ice/Tmut       0%         N/A       100%        4
 Hydra Form               Tmut           0%         N/A       100%        5


Dungeon Overview and Level Annotations

Branches:
Dungeon (3/15)

Altars:
Makhleb

Shops:
D:3 [

Annotations:
D:3 Grinder


Innate Abilities, Weirdness & Mutations

You cannot wear most types of armour.
You are amphibious.
You can wear up to eight rings at the same time.
Your skin changes colour to match your surroundings (Stealth+).
Your rubbery body absorbs attacks. (AC +1, EV +1)
((You are camouflaged near water. (Stealth+)))
You have tentacles for arms and can constrict up to eight enemies at once.


Message History

The orc priest mumbles some strange prayers to Beogh against you.
Beogh smites you! The orc hits you with a +0 club.
The orc hits you with a +0 flail.
Grinder comes into view.
You block the orc's attack.
You are too injured to fight recklessly!
Unknown command.
Your shield prevents you from hitting the orc priest.
You grab the orc priest. You squeeze the orc priest!
The orc priest is heavily wounded.
You barely miss the orc. You hit the orc but do no damage.
You constrict the orc priest, but do no damage.
The orc hits you with a +0 flail. You block the orc priest's attack.
The orc hits you with a +0 club.
You hit the orc priest. You squeeze the orc priest.
You kill the orc priest!
You closely miss the orc. x2; You hit the orc.
The orc barely misses you. You block the orc's attack.
The orc barely misses you. The orc hits you with a +0 club.
* * * LOW HITPOINT WARNING * * *
You block the orc's attack. The orc hits you with a +0 club.
* * * LOW HITPOINT WARNING * * *
Okay, then.
Okay, then.
Okay, then.
It was a potion of brilliance.
You feel clever all of a sudden. You block the orc's attack. x2
It was a potion of haste.
You feel yourself speed up. You block the orc's attack. x2
A bat comes into view.
The bat moves out of view.
Found a chain mail.
Found an escape hatch in the ceiling.
Found Lasierch's Armour Emporium.
You block Grinder's attack.
Found a scroll labelled HITZOQOFFE.
Grinder gestures at you. Pain shoots through your body!
You die...

.....# #########'# ###+##
.......... ..?....... #......
....... .∩.8.... ...... ..
#<.....####...##...
#8.....##..........
#......##b.@..# ..
#.............#..#
#........#.#.#..#
#.......5....#..#
###........#...#..# ..#.
.............)....#.......###
###.....o#####....#....#.....
#......o..#.o..###....#.....
#.....#..ooo....##....#.....


You could see Grinder, 2 orcs and a bat.

Vanquished Creatures
  A sky beast (D:2)
  A wyvern skeleton (D:2)
  A water moccasin skeleton (D:3)
  2 orc priests
  Terence (D:2)
  3 adders (D:2)
  A worm (D:2)
  2 dart slugs (D:2)
  5 orcs
  5 bats
  4 endoplasms
  3 giant cockroaches
  4 goblins
  6 hobgoblins
  7 jackals
  A quokka (D:1)
  3 ball pythons
  3 frilled lizards
  2 kobolds (D:2)
  6 rats
61 creatures vanquished.

Notes
Turn   | Place    | Note
-------+----------+-------------------------------------------
     0 | D:1      | Zeld the Octopode Fighter began the quest for the Orb.
     0 | D:1      | Reached XP level 1. HP: 16/16 MP: 1/1
    14 | D:2      | Reached XP level 2. HP: 8/21 MP: 2/2
  1084 | D:2      | Reached XP level 3. HP: 4/26 MP: 3/3
  1216 | D:2      | Reached XP level 4. HP: 9/33 MP: 4/4
  1685 | D:1      | Found a faded altar of an unknown god.
  1932 | D:2      | Found a burning altar of Makhleb.
  1972 | D:2      | Noticed Terence
  1977 | D:2      | Killed Terence
  2109 | D:2      | Reached XP level 5. HP: 37/37 MP: 5/5
  2639 | D:2      | Noticed a sky beast
  2651 | D:2      | Killed a sky beast
  2652 | D:2      | Reached XP level 6. HP: 21/44 MP: 6/6
  3282 | D:3      | Noticed Grinder
  3295 | D:3      | Found Lasierch's Armour Emporium.
  3300 | D:3      | Killed from afar by Grinder

Illustrated notes

Levels and vault maps discovered:
D:1:      amcnicky_arrival_choice, layout_rooms, basic_ecumenical_altar
D:2:      minmay_inner_zag, layout_loops_cross, basic_altar, uniq_terence
D:3:      layout_basic, portal_sewer_entry_d, serial_shops,
          nicolae_shop_statue_plus, hangedman_decor_lopped, uniq_grinder

Skill      XL: |  1  2  3  4  5  6 |
---------------+-------------------+-----
Axes           | 3 4 |  4.2
Fighting       | 4 |  4.9
Shields        | 4 |  4.9
Dodging        | |  3.0

Action                   |  1- 3 |  4- 6 || total
-------------------------+-------+-------++-------
Melee: War axe           |    14 |    83 ||    97
       Constrict         |     4 |    23 ||    27
       Tentacles         |     1 |    18 ||    19
  Use: Potion            |       |     3 ||     3
 Stab: Sleeping          |       |    11 ||    11
Armor: Skin              |       |     4 ||     4
Dodge: Dodged            |     2 |    23 ||    25
Block: Kite shield       |     7 |    54 ||    61

Table legend: (Time is in decaauts)
 A = Elapsed time spent in this place.
 B = Non-inter-level travel time spent in this place.
 C = Inter-level travel time spent in this place.
 D = Time resting spent in this place.
 E = Time spent auto-exploring this place.
 F = Levels seen in this place.
 G = Mean time per level.
                   A        B        C        D        E       F      G
               +--------+--------+--------+--------+--------+-----+--------+
         Total |   3354 |   3225 |    129 |    939 |   1801 |   3 | 1118.0 |
       Dungeon |   3354 |   3225 |    129 |    939 |   1801 |   3 | 1118.0 |
               +--------+--------+--------+--------+--------+-----+--------+

Top non-repeatable levels by time:
     D:2: 1903 daAuts
     D:1: 1315 daAuts
     D:3: 135 daAuts
